 Dungeon Crawl Stone Soup version 0.31-a0-188-g5e087ee2ca (webtiles) character file.

Game seed: 5309603515348568641

186 qw the Skirmisher (level 5, 0/29 HPs)
             Began as a Deep Elf Hunter on June 23, 2023.
             Slain by a worm (3 damage)
             ... on level 4 of the Dungeon.
             The game lasted 00:00:59 (2384 turns).

qw the Skirmisher (Deep Elf Hunter)                 Turns: 2384, Time: 00:00:59

Health: 0/29       AC:  6    Str: 10    XL:     5   Next: 38%
Magic:  7/7        EV: 11    Int: 14    God:
Gold:   84         SH:  0    Dex: 18    Spells: 4/4 levels left

rFire   . . .        Y - +0 shortbow
rCold   . . .        (shield currently unavailable)
rNeg    . . .        n - +0 ring mail
rPois   .            (no helmet)
rElec   .            (no cloak)
rCorr   .            f - +0 pair of gloves
SInv    .            (no boots)
Will    .....        (no amulet)
Stlth   +            (no ring)
HPRegen 0.24/turn    (no ring)
MPRegen 0.10/turn

%: no passive effects
@: no status effects
A: no striking features
a: no special abilities


You were on level 4 of the Dungeon.
You visited 1 branch of the dungeon, and saw 4 of its levels.

You collected 132 gold pieces.
You spent 48 gold pieces at shops.


   Skills:
 - Level 1.5 Fighting
 + Level 8.9 Ranged Weapons
 - Level 2.4 Dodging
 - Level 1.2 Stealth


You had 4 spell levels left.
You didn't know any spells.
Your spell library was empty.

Inventory:

Hand Weapons
 Y - a +0 shortbow (weapon)
Armour
 f - a +0 pair of gloves (worn)
 n - a +0 ring mail (worn)
Scrolls
 a - a scroll of identify
 b - a scroll of teleportation
Potions
 e - 4 potions of curing
 h - a potion of resistance
 l - a potion of mutation
 m - a potion of cancellation {unknown}

Dungeon Overview and Level Annotations

Branches:
Dungeon (4/15)
 Temple: D:4-7

Altars:
Wu Jian

Shops:
D:2 *


Message History

The scorpion stings you but does no damage.
You shoot an arrow.
The arrow hits the scorpion but does no damage.
The scorpion is severely wounded.
The scorpion closely misses you. The orc closely misses you.
You shoot an arrow.
The arrow hits the scorpion but does no damage.
The scorpion is severely wounded.
The scorpion barely misses you.
The orc hits you from afar with a +0 trident!
The scorpion misses you. The orc misses you.
You shoot an arrow. The arrow hits the scorpion.
The scorpion is almost dead.
The quokka twitches its whiskers.
The scorpion stings you but does no damage.
The orc barely misses you.
You shoot an arrow. The arrow hits the scorpion.
You kill the scorpion!
The orc closely misses you.
You have reached level 5!
You shoot an arrow. The arrow completely misses the worm.
The arrow hits the quokka but does no damage.
The orc barely misses you.
You shoot an arrow. The arrow barely misses the worm.
The arrow hits the quokka.
The quokka is heavily wounded.
The orc barely misses you. The worm bites you but does no damage.
You shoot an arrow. The arrow closely misses the quokka.
The quokka closely misses you.
The orc hits you from afar with a +0 trident.
You shoot an arrow. The arrow closely misses the quokka.
The quokka closely misses you.
The orc hits you from afar with a +0 trident.
The worm bites you but does no damage.
You shoot an arrow.
The arrow hits the quokka but does no damage.
The quokka is heavily wounded.
The quokka barely misses you.
The orc hits you from afar with a +0 trident.
The quokka bites you. The worm bites you.
You die...

#### ##
#...###+###..
.##............
..............=
.....$.........
..?.....r..(...
#....@w......
#...#.#o....> ##
#.. #.##.....
##..#####..##....
##...........##)..
....8)%<..8...+ ..
##...........## .
##..#####..## ##
#.##


You could see a worm, an orc and a quokka.

Vanquished Creatures
  A scorpion (D:4)
  6 adders
  A white imp (D:4)
  2 worms
  2 dart slugs
  2 orcs
  4 endoplasms
  3 giant cockroaches
  5 goblins
  A hobgoblin (D:2)
  4 jackals (D:2)
  3 quokkas
  8 ball pythons
  5 bats
  A frilled lizard (D:1)
  9 kobolds
  5 rats
62 creatures vanquished.

Notes
Turn   | Place    | Note
-------+----------+-------------------------------------------
     0 | D:1      | qw the Deep Elf Hunter began the quest for the Orb.
     0 | D:1      | Reached XP level 1. HP: 12/12 MP: 3/3
     0 | D:1      | 0 ||| qw: Version: 0.3-a-9-g12657ce
     0 | D:1      | 0 ||| qw: Game counter: 3319
     0 | D:1      | 0 ||| qw: Always use a shield: true
     0 | D:1      | 0 ||| qw: God list: Okawaru
     0 | D:1      | 0 ||| qw: Allow faded altars: false
     0 | D:1      | 0 ||| qw: Do Orc after D:15 true
     0 | D:1      | 0 ||| qw: Do second Lair branch before Depths: true
     0 | D:1      | 0 ||| qw: Lair rune preference: random
     0 | D:1      | 0 ||| qw: Plans: Normal
     0 | D:1      | 0 ||| PLANNING D:1-11
   125 | D:1      | Reached XP level 2. HP: 16/16 MP: 4/4
   131 | D:1      | Reached skill level 6 in Ranged Weapons
   686 | D:1      | 686 ||| UPGRADING to +0 pair of gloves.
   691 | D:1      | 691 ||| READING 3 scrolls labelled ETTEAR NAZECUSE.
   692 | D:1      | 692 ||| READING scroll labelled NIGIKA LOYFEG.
   697 | D:1      | 697 ||| READING 2 scrolls of identify.
   697 | D:1      | 697 ||| IDENTIFYING viscous white potion
   698 | D:1      | 698 ||| DROPPING scroll of butterflies.
   699 | D:1      | 699 ||| DROPPING potion of brilliance.
   774 | D:2      | Reached XP level 3. HP: 16/20 MP: 5/5
   809 | D:2      | Reached skill level 7 in Ranged Weapons
   848 | D:2      | Found an ornate altar of the Wu Jian Council.
   945 | D:2      | Reached XP level 4. HP: 25/25 MP: 6/6
  1149 | D:2      | Found Xoptoohifyoj's General Store.
  1157 | D:2      | 1157 ||| BUYING scroll of identify (24 gold).
  1157 | D:2      | Bought a scroll of identify for 24 gold pieces
  1157 | D:2      | 1157 ||| BUYING scroll of identify (24 gold).
  1157 | D:2      | Bought a scroll of identify for 24 gold pieces
  1553 | D:2      | 1553 ||| READING scroll labelled NOFYDIA EH ETZ.
  1554 | D:2      | 1554 ||| READING 2 scrolls labelled VILLU LEOWAOTT.
  1555 | D:2      | 1555 ||| READING 6 scrolls of identify.
  1555 | D:2      | 1555 ||| IDENTIFYING metallic brown potion
  1556 | D:2      | 1556 ||| READING 5 scrolls of identify.
  1556 | D:2      | 1556 ||| IDENTIFYING fuming yellow potion
  1557 | D:2      | 1557 ||| DROPPING scroll of poison.
  1559 | D:2      | 1559 ||| Stepping ~*~*~tactically~*~*~ (cloud).
  1565 | D:2      | HP: 6/25 [poisoned by you (poison gas)]
  1786 | D:3      | Reached skill level 8 in Ranged Weapons
  2256 | D:3      | 2256 ||| UPGRADING to +0 scale mail.
  2266 | D:3      | 2266 ||| DROPPING +0 leather armour.
  2267 | D:3      | 2267 ||| UPGRADING to +0 ring mail.
  2277 | D:3      | 2277 ||| DROPPING +0 scale mail.
  2278 | D:3      | 2278 ||| DROPPING ring of wizardry.
  2279 | D:3      | 2279 ||| READING scroll labelled PEKIUD MIARAZ.
  2280 | D:3      | 2280 ||| READING 4 scrolls of identify.
  2280 | D:3      | 2280 ||| IDENTIFYING puce potion
  2281 | D:3      | 2281 ||| READING 3 scrolls of identify.
  2281 | D:3      | 2281 ||| IDENTIFYING murky inky potion
  2282 | D:3      | 2282 ||| READING 2 scrolls of identify.
  2282 | D:3      | 2282 ||| IDENTIFYING glowing clear potion
  2283 | D:3      | 2283 ||| DROPPING potion of invisibility.
  2284 | D:3      | 2284 ||| DROPPING potion of lignification.
  2368 | D:4      | Noticed a scorpion
  2379 | D:4      | Killed a scorpion
  2380 | D:4      | Reached XP level 5. HP: 15/29 MP: 7/7
  2384 | D:4      | HP: 5/29 [orc/+0 trident (6)]
  2384 | D:4      | Slain by a worm

Levels and vault maps discovered:
D:1:      saegor_arrival_simple_d, layout_basic,
          corexii_item_surrounded_by_moat, minmay_box_of_dots
D:2:      layout_basic, basic_altar, serial_shops, shop,
          nicolae_figureground_pulse
D:3:      layout_basic, uniq_crazy_yiuf_cottage
D:4:      layout_basic, minmay_temple_entry_statues_pillars, serial_rivers,
          chequers_serial_rivers_room_b, chequers_serial_rivers_micro_e,
          chequers_serial_rivers_micro_d, chequers_serial_rivers_small_3,
          grunt_ministairs_15, minivault_11, uniq_ijyb

Skill      XL: |  1  2  3  4 |
---------------+-------------+-----
Ranged Weapons | 6 7 8 |  8.9
Fighting       | |  1.5
Dodging        | |  2.4
Stealth        | |  1.2

Action                     |  1- 3 |  4- 6 || total
---------------------------+-------+-------++-------
   Fire: Shortbow          |    91 |    95 ||   186
    Use: Scroll            |     3 |     8 ||    11
 Armour: Leather armour    |     4 |     2 ||     6
         Ring mail         |       |     4 ||     4
  Dodge: Dodged            |    19 |    27 ||    46

Table legend:
 A = Non-vault XP
 B = Vault XP
 C = Vault XP percentage of total XP
 D = Non-vault monster count
 E = Vault monster count
 F = Vault count percentage of total count
                 A         B        C        D         E       F
            +---------+---------+-------+---------+---------+-------
      Total |     258 |       9 |   3.4 |      56 |       6 |   9.7
            +---------+---------+-------+---------+---------+-------
        D:1 |      32 |       5 |  13.5 |      20 |       4 |  16.7
        D:2 |      98 |       0 |   0.0 |      21 |       0 |   0.0
        D:3 |      36 |       0 |   0.0 |      12 |       0 |   0.0
        D:4 |      92 |       4 |   4.2 |       3 |       2 |  40.0
            +---------+---------+-------+---------+---------+-------
